 Dungeon Crawl Stone Soup version 0.27-a0-1186-g8b4daa1eef (webtiles) character file.

Game seed: 13582318573576757632

518 wakim the Insei (level 7, -2/44 HPs)
             Began as an Octopode Transmuter on May 19, 2021.
             Killed from afar by an orc wizard (11 damage)
             ... with a puff of flame
             ... on level 3 of the Dungeon.
             The game lasted 00:20:14 (4632 turns).

wakim the Insei (Octopode Transmuter)               Turns: 4632, Time: 00:20:15

Health: -2/44      AC:  2    Str: 11    XL:     7   Next: 21%
Magic:  5/11       EV: 21    Int: 21    God:
Gold:   168        SH:  0    Dex: 18    Spells: 8/12 levels left

rFire    . . .     SeeInvis .     - Unarmed
rCold    . . .     Faith    .   (shield currently unavailable)
rNeg     . . .     Spirit   .   (helmet currently unavailable)
rPois    x         Reflect  .   (no amulet)
rElec    .         Harm     .   b - +6 ring of intelligence
rCorr    .         Rampage  .   e - ring of flight
Will     .....                  (no ring)
Stlth    +.........             (no ring)
HPRegen  0.14/turn              (no ring)
MPRegen  0.12/turn              (no ring)
                                (no ring)
                                (no ring)

@: confused, spider-form, flying, very slightly contaminated
A: venomous fangs, almost no armour, (amphibious), 8 rings, tiny, (camouflage
1), (gelatinous body 1), (nimble swimmer 1), (tentacles)
a: End Transformation


You were on level 3 of the Dungeon.
You were a venomous arachnid creature.
You visited 1 branch of the dungeon, and saw 4 of its levels.
You also visited: Sewer.

You collected 168 gold pieces.

Inventory:

Missiles
 g - 20 poisoned darts
Armour
 c - a +0 hat (melded)
 l - a +0 kite shield
Jewellery
 b - a +6 ring of intelligence (left front leg)
 e - a ring of flight (right front leg)
Wands
 x - a wand of iceblast (6)
Scrolls
 k - a scroll of enchant weapon
 T - 5 scrolls of teleportation
 U - a scroll of fear
 W - a scroll of holy word
Potions
 a - 5 potions of curing {unknown}
 d - a potion of berserk rage {unknown}
 f - 2 potions of might {unknown}
 h - a potion of magic {unknown}
 i - a potion of flight {unknown}
 J - 4 potions of heal wounds


   Skills:
 - Level 1.7 Fighting
 + Level 3.6 Dodging
 - Level 0.9 Stealth
 * Level 1.0 Shields
 * Level 5.3 Unarmed Combat
 - Level 3.0 Spellcasting
 * Level 4.1 Transmutations


You had 8 spell levels left.
You knew the following spells:

 Your Spells              Type           Power      Damage    Failure   Level
a - Beastly Appendage     Tmut           40%        N/A       10%         1
x - Spider Form           Tmut/Pois      5%         N/A       36%         3

Your spell library contained the following spells:

 Spells                   Type           Power      Damage    Failure   Level
 Wereblood                Tmut           20%        N/A       12%         2
 Magic Dart               Conj           12%        1d3       30%         1
 Blink                    Tloc           N/A        N/A       41%         2
 Call Imp                 Summ           3%         N/A       41%         2
 Slow                     Hex            3%         N/A       41%         2
 Conjure Flame            Conj/Fire      3%         6-21      58%         3
 Mephitic Cloud           Conj/Pois/Air  3%         N/A       58%         3
 Ice Form                 Ice/Tmut       11%        N/A       71%         4
 Hydra Form               Tmut           10%        N/A       77%         5


Dungeon Overview and Level Annotations

Branches:
Dungeon (4/15)              Sewer (visited)
 Temple: D:4-7

Altars:
Cheibriados
Kikubaaqudgha

Shops:
D:1 (*!   D:2 (


Innate Abilities, Weirdness & Mutations

You are a venomous arachnid creature.
You have poisonous fangs.
You are tiny and dextrous.
Your spellcasting is less reliable in this form.
Your armour is entirely melded.
You are incapable of wielding weapons or throwing items.
You cannot wear most types of armour.
((You are amphibious.))
You can wear up to eight rings at the same time.
((Your skin changes colour to match your surroundings (Stealth+).))
((Your rubbery body absorbs attacks. (AC +1, EV +1)))
((You are camouflaged near water. (Stealth+)))
((You have tentacles for arms and can constrict up to eight enemies at once.))


Message History

You tentacle-slap the orc priest.
You kill the orc priest!
Your Shields skill increases to level 1!
You barely miss something. You squeeze something. Something hits you.
You miss something. Your squeeze misses something. Something barely misses you.
Unknown command.
You closely miss something.
You tentacle-slap something but do no damage.
Your squeeze misses something. Something barely misses you.
You barely miss something. Something hits you.
* * * LOW HITPOINT WARNING * * *
You bludgeon something! Your squeeze misses something. Something hits you.
* * * LOW HITPOINT WARNING * * *
You miss something. Something hits you.
* * * LOW HITPOINT WARNING * * *
Casting: Spider Form (dangerous; 17% risk of failure)
Confirm with . or Enter, or press ? or * to list all spells.
You miscast Spider Form.
You are very lightly contaminated with residual magic.
Nothing appears to happen.
Something barely misses you.
There is a strange disturbance nearby!
Unknown command.
Casting: Spider Form (dangerous; 17% risk of failure)
Confirm with . or Enter, or press ? or * to list all spells.
You turn into a venomous arachnid creature.
Your +0 hat melds into your body.
You hear some strange, mumbled words.
You are confused.
You hit something but do no damage. Something hits you.
* * * LOW HITPOINT WARNING * * *
You barely miss something.
You hear some strange, mumbled words.
A puff of flame appears from out of thin air!
The puff of flame hits you.
* * * LOW HITPOINT WARNING * * *
You hit something.
You hear some strange, mumbled words.
A puff of flame appears from out of thin air!
The puff of flame hits you!
You die...

############### ....
..#. #o.# # #o.# ##
#..# .## ### #..#
..###########.####..#
..(.............s{).#
..##.###.####..######
>###.# #.# ##.# ##
#.# #.# #.# # #.# #.#
#.# #.# #.# #.#
####.###.# #.#
.........#####.#
####...........#


There were no monsters in sight!

Vanquished Creatures
  2 kobold brigands (Sewer)
  2 orc priests (D:3)
  3 orc wizards
  Terence (D:2)
  9 adders
  2 river rats (Sewer)
  An ufetubus (D:2)
  2 worms (Sewer)
  2 dart slugs
  13 orcs
  4 endoplasms
  9 giant cockroaches
  5 goblins
  12 hobgoblins
  8 jackals (D:1)
  4 quokkas
  6 ball pythons
  2 bats (D:2)
  2 frilled lizards (D:2)
  15 kobolds
  7 rats
111 creatures vanquished.

Vanquished Creatures (others)
  A plant (D:2)
1 creature vanquished.

Grand Total: 112 creatures vanquished

Notes
Turn   | Place    | Note
-------+----------+-------------------------------------------
     0 | D:1      | wakim the Octopode Transmuter began the quest for the Orb.
     0 | D:1      | Reached XP level 1. HP: 13/13 MP: 3/3
   193 | D:1      | Reached XP level 2. HP: 18/18 MP: 3/5
   457 | D:1      | Reached XP level 3. HP: 18/23 MP: 4/6
   605 | D:1      | Found a faded altar of an unknown god.
   714 | D:1      | Found Beceot's Antique Weapon Emporium.
   972 | D:1      | Found Umo Qon's General Store.
   974 | D:1      | Found Guusif's Distillery.
  1226 | D:1      | Found an ancient bone altar of Kikubaaqudgha.
  1691 | D:2      | You fall into a shaft and drop 2 floors!
  1725 | D:4      | Reached XP level 4. HP: 17/29 MP: 5/7
  1905 | D:4      | Learned a level 3 spell: Spider Form
  1923 | D:4      | Reached skill level 4 in Unarmed Combat
  2218 | D:4      | Found a snail-covered altar of Cheibriados.
  2300 | D:3      | Found a glowing drain.
  2360 | D:3      | Reached XP level 5. HP: 4/34 MP: 4/9
  2967 | Sewer    | Entered a sewer
  3046 | Sewer    | Noticed a kobold brigand
  3056 | Sewer    | Killed a kobold brigand
  3057 | Sewer    | Reached XP level 6. HP: 20/39 MP: 8/10
  3476 | Sewer    | Reached skill level 5 in Unarmed Combat
  3914 | D:2      | Noticed Terence
  3923 | D:2      | Killed Terence
  3976 | D:2      | Reached XP level 7. HP: 44/44 MP: 11/11
  4087 | D:2      | Found Onofrewn's Antique Weapon Boutique.
  4621 | D:3      | Reached skill level 1 in Shields
  4632 | D:3      | Killed from afar by an orc wizard

Illustrated notes

Levels and vault maps discovered:
D:1:      dpeg_arrival_water_altar, layout_basic, serial_shops, shop_coins,
          nicolae_shop_statue_plus, shop, ebering_ecumenical_altar_box
D:2:      layout_basic, serial_shops, nicolae_shop_overgrown_old_shop,
          minmay_misc_feat_room, amcnicky_mini_rare_corridor_liquid,
          minmay_tall_x, uniq_terence
D:3:      layout_loops_ring, gup_sewer_entry_glass
D:4:      layout_rooms, kennysheep_little_box, nzn_random_ring

Skill      XL: |  1  2  3  4  5  6  7 |
---------------+----------------------+-----
Unarmed Combat | 4 5 |  5.3
Dodging        | 3 |  3.6
Spellcasting   | 3 |  3.0
Transmutations | 3 4 |  4.1
Shields        | 1 |  1.0
Fighting       | |  1.7
Stealth        | |  0.9

Action                   |  1- 3 |  4- 6 |  7- 9 || total
-------------------------+-------+-------+-------++-------
Melee: Unarmed           |    86 |   130 |    56 ||   272
       Tentacles         |    23 |    13 |     4 ||    40
       Constrict         |    28 |    21 |     9 ||    58
       Kick              |    12 |    13 |       ||    25
       Punch             |     4 |       |     1 ||     5
 Cast: Beastly Appendage |    11 |    13 |     1 ||    25
       Spider Form       |       |     5 |     2 ||     7
  Use: Scroll            |     5 |     3 |     1 ||     9
 Stab: Sleeping          |     4 |     4 |     6 ||    14
Armor: Skin              |     4 |    10 |     1 ||    15
Dodge: Dodged            |    47 |    65 |    20 ||   132

Table legend: (Time is in decaauts)
 A = Elapsed time spent in this place.
 B = Non-inter-level travel time spent in this place.
 C = Inter-level travel time spent in this place.
 D = Time resting spent in this place.
 E = Time spent auto-exploring this place.
 F = Levels seen in this place.
 G = Mean time per level.
                   A        B        C        D        E       F      G
               +--------+--------+--------+--------+--------+-----+--------+
         Total |   4612 |   4580 |     32 |    760 |   2763 |   5 |  922.4 |
       Dungeon |   4000 |   3968 |     32 |    588 |   2529 |   4 | 1000.0 |
         Sewer |    612 |    612 |      0 |    172 |    234 |   1 |  612.0 |
               +--------+--------+--------+--------+--------+-----+--------+

Top non-repeatable levels by time:
     D:1: 1516 daAuts
     D:3: 926 daAuts
     D:4: 850 daAuts
     D:2: 707 daAuts
   Sewer: 612 daAuts
